Map: Dusty Gorge

Players

MadeInChina

  • Race: Terran Terran
  • Spawn Location: 5:00

NiloTlv

  • Race: Zerg Zerg
  • Spawn Location: 3:00

Adversity - Winner!

  • Race: Terran Terran
  • Spawn Location: 11:00

FRZ - Winner!

  • Race: Terran Terran
  • Spawn Location: 9:00

VOD

Have the link to the VOD?

Description

Time

  • Played on: Oct. 6, 2018, 3:31 p.m.
  • Length: 11:58
Show
View Real Time Build Order
Export as new Build Order

MadeInChina Terran 

Build Orders: 1/1/1, Cyclone Opening 

Get SALT Encoding   

  12  0:02  SCV  
  13  0:14  SCV  
  14  0:19  Supply Depot  
  14  0:26  SCV  
  15  0:36  Refinery  
  15  0:41  SCV  
  16  0:46  Barracks  
  16  0:53  SCV  
  17  1:03  Refinery  
  17  1:05  SCV  
  18  1:17  SCV  
  19  1:34  Supply Depot, SCV  
  19  1:38  Factory, Marine  
  21  1:47  SCV  
  22  1:57  Barracks Reactor  
  22  1:59  SCV  
  23  2:11  Orbital Command  
  23  2:25  Starport  
  23  2:26  Cyclone  
  26  2:35  Supply Depot  
  26  2:38  SCV  
  27  2:44  Marine  
  27  2:50  SCV  
  27  2:57  Marine  
  28  3:08  Cyclone  
  31  3:13  Marine, SCV  
  28  3:41  Factory Tech Lab  
  28  3:55  Liberator  
  28  4:06  Siege Tank  
  28  4:07  SCV  
  32  4:13  Marine x2  
  37  4:18  Supply Depot  
  37  4:25  Command Center  
  28  4:40  Siege Tank  
  31  4:46  Marine x2  
  33  5:12  Siege Tank  
  36  5:16  Marine  
  37  5:28  Marine  
  35  5:40  SCV  
  36  6:03  Cyclone  
  39  6:04  SCV  
  39  6:08  SCV  
  39  6:11  Refinery  
  41  6:12  Refinery  
  41  6:26  SCV  
  41  6:27  SCV  
  43  6:38  SCV  
  43  6:39  SCV  
  45  6:45  Marine  
  45  6:46  Cyclone  
  49  6:49  Medivac  
  49  6:51  SCV  
  52  7:00  Barracks  
  52  7:02  Barracks  
  52  7:03  Barracks, Barracks Tech Lab  
  52  7:08  Orbital Command  
  52  7:18  SCV  
  53  7:30  SCV  
  45  7:45  Marine  
  45  7:46  Siege Tank  
  45  7:49  Stimpack  
  48  7:58  Viking  
  48  8:03  Marine  
  51  8:06  SCV x2  
  51  8:10  Barracks Tech Lab x2, Barracks Reactor  
  53  8:19  SCV x2  
  55  8:25  Engineering Bay  
  55  8:31  Marine x2  
  55  8:32  Combat Shield  
  55  8:33  Concussive Shells  
  57  8:35  Widow Mine  
  57  8:59  Viking x2  
  61  9:03  Marine  
  61  9:09  Supply Depot x2  
  62  9:10  Supply Depot  
  62  9:18  Supply Depot  
  62  9:19  Supply Depot  
  62  9:30  Marine x4, SCV, Siege Tank  
  71  9:31  SCV  
  71  9:33  Supply Depot  
  71  9:43  Marine, SCV  
  73  9:47  Medivac  
  73  9:48  Marine x2, Marauder  
  79  9:57  Marine  
  80  10:00  Marine  
  80  10:02  Siege Tank  
  80  10:04  Missile Turret  
  84  10:14  SCV, Command Center  
  85  10:35  SCV  
  87  10:38  Marine x3  
  87  10:39  Marine x2  
  87  10:47  SCV  
  88  10:56  Marine  
  89  11:00  Command Center  
  91  11:25  Marine  
  89  11:26  Marauder  
Show
View Real Time Build Order
Export as new Build Order

NiloTlv Zerg 

Build Orders: Hatch First 

Get SALT Encoding   

  12  0:04  Drone  
  13  0:11  Drone  
  14  0:21  Overlord  
  14  0:37  Drone, Extractor  
  14  0:39  Drone x2, Extractor  
  17  0:50  Drone  
  18  1:07  Hatchery  
  17  1:20  Spawning Pool  
  17  1:21  Drone x2  
  17  1:22  Extractor  
  17  1:24  Drone  
  18  1:33  Drone  
  19  1:51  Hatchery  
  18  1:54  Drone  
  18  1:56  Drone  
  20  2:07  Queen  
  22  2:19  Queen  
  24  2:24  Metabolic Boost  
  24  2:34  Drone  
  24  2:35  Drone x2  
  27  2:38  Drone  
  28  2:52  Overlord  
  28  2:54  Overlord  
  28  3:04  Queen  
  30  3:08  Zergling x6  
  33  3:21  Drone x5  
  35  3:35  Queen  
  35  3:36  Zergling x2  
  35  3:37  Zergling x4  
  38  3:43  Zergling x2  
  38  3:47  Zergling x2  
  33  3:50  Drone x2  
  27  4:07  Zergling x2  
  27  4:08  Zergling x8  
  30  4:12  Drone  
  31  4:22  Zergling x4  
  31  4:23  Zergling x2  
  33  4:41  Zergling x2  
  33  4:42  Drone, Zergling x10  
  31  5:01  Zergling x12  
  31  5:03  Zergling x2  
  37  5:16  Zergling x2  
  37  5:17  Zergling x6  
  35  5:39  Overlord x3  
  35  6:02  Queen  
  35  6:03  Drone  
  41  6:04  Drone x8  
  41  6:10  Baneling Nest  
  44  6:26  Roach Warren  
  44  6:28  Drone x2, Extractor  
  44  6:29  Drone  
  45  6:41  Drone x5  
  50  6:51  Drone  
  50  6:52  Drone x3  
  54  7:00  Lair  
  54  7:04  Spore Crawler  
  54  7:06  Spore Crawler, Drone  
  53  7:10  Drone x2  
  45  7:30  Roach  
  45  7:31  Roach x5  
  57  7:47  Overlord  
  57  7:48  Overlord  
  57  8:07  Drone  
  57  8:08  Drone x7  
  57  8:11  Extractor  
  57  8:12  Extractor  
  63  8:26  Drone x2  
  65  8:28  Overlord  
  65  8:29  Overlord x3  
  65  8:59  Roach x4  
  65  9:00  Roach  
  75  9:05  Hatchery  
  75  9:08  Overlord x2  
  54  9:31  Drone x2  
  54  9:32  Drone x2  
  54  9:33  Drone x4  
  54  9:34  Extractor  
  61  9:40  Overseer  
  61  9:41  Overlord, Pneumatized Carapace  
  61  9:42  Overlord  
  61  9:50  Roach Warren  
  60  10:01  Drone  
  55  10:31  Ravager x3  
  55  10:32  Ravager x8  
  64  10:44  Hatchery  
  54  10:58  Queen  
  58  11:09  Nydus Network  
  57  11:13  Drone  
  57  11:16  Hatchery  
Show
View Real Time Build Order
Export as new Build Order

Adversity Terran - Winner!

Build Orders:  

Get SALT Encoding   

  12  0:00  SCV  
  13  0:13  SCV  
  14  0:20  Supply Depot  
  14  0:31  SCV  
  14  0:35  Refinery  
  15  0:43  SCV  
  15  0:46  Barracks  
  16  0:55  SCV  
  17  1:08  Barracks  
  17  1:20  Barracks  
  17  1:26  SCV  
  18  1:33  Reaper  
  19  1:41  Orbital Command  
  19  1:47  Refinery  
  19  1:56  Reaper  
  19  1:59  Supply Depot  
  20  2:07  Reaper  
  21  2:10  SCV  
  22  2:16  Reaper  
  24  2:22  SCV  
  24  2:28  Reaper  
  25  2:32  Supply Depot  
  25  2:38  SCV  
  26  2:47  Reaper  
  26  2:50  Reaper  
  28  2:53  SCV  
  29  3:01  Reaper  
  30  3:08  Command Center  
  30  3:19  Reaper, SCV  
  32  3:21  Supply Depot  
  32  3:30  Reaper  
  33  3:43  Reaper  
  33  3:58  SCV  
  36  4:10  Barracks x2, SCV  
  37  4:20  Barracks Reactor, Barracks Tech Lab  
  37  4:24  SCV  
  36  4:25  Factory  
  36  4:37  Marine  
  36  4:38  Orbital Command  
  37  4:39  Marine  
  37  4:41  Stimpack  
  37  4:43  SCV  
  36  4:55  Marine  
  36  4:57  Marine  
  36  4:58  SCV  
  39  5:00  Marine x4  
  43  5:08  SCV  
  43  5:11  SCV  
  43  5:12  Marine  
  46  5:15  Factory Reactor, Starport  
  46  5:20  SCV  
  47  5:23  SCV  
  47  5:34  Marine x2  
  47  5:35  Marine x2  
  50  5:37  Marine x2  
  50  5:39  SCV x2  
  50  5:41  Engineering Bay x2  
  50  5:42  Supply Depot  
  54  5:51  Supply Depot, SCV x2  
  54  6:00  Refinery  
  54  6:01  Refinery, Barracks Reactor x2  
  54  6:05  SCV x2  
  54  6:08  Medivac x2, Barracks Reactor  
  60  6:17  SCV x2  
  60  6:20  Terran Infantry Armor Level 1, Terran Infantry Weapons Level 1  
  60  6:24  Marine x3  
  62  6:33  SCV x2  
  62  6:34  Supply Depot  
  62  6:35  Supply Depot  
  62  6:37  Marine x3  
  62  6:39  Marine  
  68  6:44  Marine x3  
  68  6:46  SCV x2  
  73  6:49  Combat Shield  
  73  6:52  Marine  
  74  6:56  Armory  
  76  7:01  SCV x2  
  76  7:07  Marine x6  
  82  7:19  Supply Depot  
  82  7:20  Supply Depot  
  76  7:39  Marine x3  
  76  7:40  Marine x4  
  76  7:41  Medivac x2  
  87  7:48  Marine  
  88  7:55  Marine  
  89  8:00  Marine  
  89  8:01  Marine x3  
  89  8:03  Command Center  
  93  8:08  Supply Depot  
  93  8:09  Supply Depot, SCV x2  
  95  8:17  Marine x2  
  95  8:18  Marine  
  98  8:22  Medivac  
  98  8:23  Medivac, Terran Infantry Weapons Level 2  
  98  8:26  Terran Infantry Armor Level 2  
  102  8:29  SCV  
  102  8:30  SCV  
  104  8:34  Marine x3  
  104  8:38  Marine x3  
  104  8:39  Marine  
  103  8:53  Marine x3  
  103  8:54  Factory Tech Lab  
  106  9:05  Medivac x2  
  110  9:13  Marine x2  
  112  9:20  Marine x3  
  112  9:21  Marine x4  
  112  9:23  Terran Vehicle Weapons Level 1, Factory  
  116  9:25  Orbital Command  
  116  9:26  SCV  
  116  9:27  Refinery x2, Sensor Tower, SCV  
  118  9:31  Marine x2  
  118  9:38  Marine x4, Siege Tank  
  118  9:39  Marine x2, SCV  
  125  9:46  SCV  
  125  9:51  SCV  
  127  9:56  Marine x2  
  127  9:57  SCV  
  127  9:58  SCV  
  131  10:03  Supply Depot x2  
  131  10:04  Supply Depot  
  131  10:05  Supply Depot  
  131  10:06  SCV  
  132  10:09  SCV  
  132  10:10  SCV, Siege Tank  
  137  10:18  SCV  
  138  10:21  Factory Tech Lab  
  138  10:29  Marine  
  138  10:31  Medivac x2  
  138  10:32  Marine x2  
  138  10:33  Marine  
  143  10:41  Marine x3  
  143  10:42  Siege Tank  
  149  10:43  SCV x2  
  147  10:54  Marine x4  
  147  10:55  Siege Tank  
  145  11:03  Supply Depot  
  143  11:05  Barracks  
  143  11:08  Barracks  
  143  11:11  Marine  
  143  11:13  Marine x3  
  143  11:14  Siege Tank  
  144  11:37  Command Center  
  156  11:50  Supply Depot  
  156  11:51  Supply Depot  
Show
View Real Time Build Order
Export as new Build Order

FRZ Terran - Winner!

Build Orders: Cyclone Opening 

Get SALT Encoding   

  12  0:01  SCV  
  13  0:13  SCV  
  14  0:19  Supply Depot  
  14  0:25  SCV  
  15  0:32  Refinery  
  15  0:42  Barracks  
  15  0:46  SCV  
  16  0:58  SCV  
  17  1:06  Refinery  
  17  1:10  SCV  
  18  1:23  SCV  
  19  1:32  Supply Depot  
  19  1:35  Orbital Command  
  19  1:44  Factory  
  19  1:46  Barracks Reactor  
  19  1:56  Supply Depot  
  19  2:00  SCV  
  20  2:12  SCV  
  21  2:31  SCV  
  21  2:34  Cyclone x2  
  28  2:44  Supply Depot  
  28  2:47  SCV  
  29  3:06  Cyclone x2  
  32  3:43  Cyclone x2  
  32  4:15  Cyclone x2  
  38  5:11  Cyclone x2  
  31  5:32  SCV  
  29  5:40  Barracks  
  29  5:41  Barracks x2, Barracks Tech Lab  
  29  5:44  SCV, Command Center  
  30  5:54  Starport  
  30  5:56  SCV  
  31  5:59  Stimpack  
  31  6:08  SCV  
  32  6:20  Marauder  
  32  6:25  SCV  
  35  6:29  Factory Tech Lab  
  35  6:37  Viking x2, SCV  
  40  6:49  SCV  
  41  6:58  Orbital Command  
  41  7:01  SCV  
  41  7:05  Barracks Reactor x2  
  41  7:07  Barracks Reactor  
  42  7:14  SCV  
  43  7:22  Marauder  
  45  7:23  Medivac  
  45  7:26  SCV  
  45  7:27  SCV  
  49  7:32  Refinery x2  
  49  7:38  SCV  
  49  7:39  SCV  
  49  7:41  Siege Tank  
  54  7:46  Marine x6  
  54  7:50  SCV  
  54  7:51  Supply Depot x2, SCV  
  62  8:12  SCV x2  
  64  8:14  Supply Depot  
  64  8:23  Medivac x2  
  64  8:24  Marine x2, SCV x2  
  64  8:25  Marine x4  
  64  8:27  Marauder  
  78  8:36  Siege Tank  
  78  8:38  SCV x2  
  83  8:44  Combat Shield  
  83  9:07  Marine  
  83  9:08  Marine x2  
  83  9:09  Marine x3  
  86  9:32  Supply Depot x2  
  86  9:33  Viking, Marine x6  
  94  9:53  Marine x3, SCV x2, Siege Tank  
  94  9:54  Viking, Marine x4  
  108  10:00  Supply Depot  
  108  10:01  Supply Depot  
  108  10:02  Command Center  
  108  10:05  SCV x2  
  110  10:11  Marine  
  111  10:16  Marine  
  111  10:17  Marine x5  
  117  10:29  Marine  
  117  10:34  Marine x2  
  117  10:35  Marine x2  
  122  10:38  Marine x2  
  124  10:46  Marine  
  125  10:52  Marine  
  125  10:53  SCV x2  
  128  10:57  Supply Depot  
  128  10:58  Supply Depot  
  128  10:59  Engineering Bay  
  128  11:07  Engineering Bay  
  119  11:24  Marine  
  119  11:25  Marine x5  
  120  11:26  Marine  
Tags
 
Add a new tag
Caveats
  • Supply blocks, unpowered buildings, or Contaminate may cause inaccurate times.
  • Supply counts are checked every 10 seconds.